 Dungeon Sprint DCSS version 0.31-a0-1412-g7b7c7d10e1 (webtiles) character file.

Game seed: 4568423890454464905

564029 Groucho the End of an Era (level 21, 244/244 HPs)
             Began as a Demonspawn Gladiator on Dec 26, 2023.
             Was the Champion of Qazlal.
             Escaped with the Orb!
             The game lasted 00:50:04 (11544 turns).

Groucho the End of an Era (Demonspawn Gladiator)   Turns: 11544, Time: 00:50:05

Health: 244/244    AC: 46    Str: 28    XL:     21   Next: 2%
Magic:  61/61      EV: 21    Int:  8    God:    Qazlal [******]
Gold:   0          SH: 55    Dex: 26    Spells: 74/74 levels left

rFire   + + .        M - +6 shillelagh "Devastator" {shatter}
rCold   + . .        F - +18 shield of the Gong {Loud rN+ Will+ rCorr EV-5}
rNeg    + + .        a - +12 gold dragon scales
rPois   +            (helmet unavailable)
rElec   .            (cloak unavailable)
rCorr   +            (gloves unavailable)
SInv    .            (no boots)
Will    ++...        S - amulet of Faovox {Reflect +Inv SH+5} Stlth
                     u - ring "Leihoqug" {rN+ Str+5 Dex+3}
HPRegen 0.60/turn    s - ring "Policoic" {rF+ MP+9 Str+5}
MPRegen 0.37/turn

%: no teleportation, repel missiles, reflection
@: studying 2 skills
A: horns 3, icemail 2, robust 2, condensation shield, weakness stinger 3,
demonic touch 3
0: Orb of Zot
a: Renounce Religion, Evoke Invisibility, Upheaval, Elemental Force, Disaster
Area


You escaped.
You worshipped Qazlal.
Qazlal was exalted by your worship.
You visited 1 branch

Inventory:

Hand Weapons
 w - the +5 Lochaber axe {reach-cleave, Poleaxe ^Drain}
   (You took it off a vault guard in the Dungeon)

   Poleaxe:   It uses either Axes or Polearms skill, whichever is higher.
   ^Drain:    It drains your maximum health when unequipped.
 x - the +4 consecrated labrys {holy, Valiant ^Fragile Fly SInv}
   (You found it in the Dungeon)

   Valiant:   It becomes more powerful as more dangerous foes come into view.
   SInv:      It lets you see invisible.
   Fly:       It grants you flight.
   ^Fragile:  It will be destroyed if unequipped.
 z - the +5 glaive of the Guard {elec, spectral}
   (You found it in the Dungeon)
 A - the +6 Majin-Bo {spellvamp, MP+6 Int+6}
   (You found it in the Dungeon)

   Int+6:     It affects your intelligence (+6).
   MP+6:      It affects your magic capacity (+6).
 B - the +10 dark maul {heavy}
   (You found it in the Dungeon)
 C - the +27 heavy crossbow "Sniper" {heavy, Acc+∞ SInv}
   (You found it in the Dungeon)

   Acc+∞: It never misses its target.
   SInv:      It lets you see invisible.
 D - the +16 obsidian axe {drain, demonic, Mesm ^Drain Fly SInv}
   (You found it in the Dungeon)

   Mesm:      Its wielder is mesmerised by any visible foes, and it cannot be
   unequipped while any foes are visible.
   SInv:      It lets you see invisible.
   Fly:       It grants you flight.
   ^Drain:    It drains your maximum health when unequipped.
 G - the +11 Singing Sword {sonic wave}
   (You found it in the Dungeon)
 H - the +7 great mace "Firestarter" {flame, immolate, rFlCloud rF++}
   (You found it in the Dungeon)

   rFlCloud:  It grants immunity to clouds of flame.
   rF++:      It greatly protects you from fire.
 I - the +8 lance "Wyrmbane" {slay drac, rPois rF+ rC+ AC+3}
   (You found it in the Dungeon)

   AC+3:      It affects your AC (+3).
   rF+:       It protects you from fire.
   rC+:       It protects you from cold.
   rPois:     It protects you from poison
 J - the +7 mace of Variability {chaos, chaos arc}
   (You found it in the Dungeon)
 K - the +11 plutonium sword {^Contam Stlth-}
   (You found it in the Dungeon)

   ^Contam:   It causes magical contamination when unequipped.
   Stlth-:    It makes you less stealthy.
 L - the +13 scythe of Curses {drain, curses, ^Drain}
   (You found it in the Dungeon)

   ^Drain:    It drains your maximum health when unequipped.
 M - the +6 shillelagh "Devastator" (weapon) {shatter}
   (You found it in the Dungeon)
 N - the +8 storm bow {elec, penet}
   (You found it in the Dungeon)
 O - the +9 sword of Power {lifebolt}
   (You found it in the Dungeon)
 P - the +9 sword of Zonguldrok {reap}
   (You found it in the Dungeon)
 V - the +9 staff of Olgreb {rPois∞}
   (You took it off a spriggan air mage in the Dungeon)

   Radiate:   It can be activated via the 'a'bility menu to radiate toxic
   energy, with effectiveness depending on Evocations skill.
   Alch:      It enhances your alchemy magic.
   rPois∞: It grants immunity to poison.
 X - the +8 demon blade "Leech" {evervamp, Harm ^Drain rN+}
   (You found it in the Dungeon)

   rN+:       It protects you from negative energy.
   ^Drain:    It drains your maximum health when unequipped.
   Harm:      It increases damage dealt and taken.
 Y - the +8 autumn katana {manifold assault}
   (You found it in the Dungeon)
 Z - the +7 hand cannon "Mule" {flame, backblast, rF+}
   (You found it in the Dungeon)

   rF+:       It protects you from fire.
Armour
 a - +12 gold dragon scales (worn)
 b - the +4 skin of Zhor {*Englaciate rC+++ SInv}
   (You took it off a vampire mage in the Dungeon)

   *Englaciate: It radiates cold, occasionally slowing all nearby creatures who
   are not resistant to cold.
   rC+++:     It renders you almost immune to cold.
   SInv:      It lets you see invisible.
 d - the -2 hat of the Alchemist {rElec rPois rF+ rC+ rN+ Will+ rMut rCorr}
   (You found it in the Dungeon)

   rF+:       It protects you from fire.
   rC+:       It protects you from cold.
   rElec:     It insulates you from electricity.
   rPois:     It protects you from poison rN+: It protects you from negative
   energy.
   Will+:     It increases your willpower.
   rCorr:     It protects you from acid and corrosion.
   rMut:      It protects you from mutation.
 o - a +1 pair of gloves of hurling
 t - the +4 robe of Folly {Brill Will-∞ Int+8}
   (You found it in the Dungeon)

   Brill:     It increases the power of your magical spells and halves their MP
   cost (rounding up).
   Will-∞: It reduces your willpower to zero.
   Int+8:     It affects your intelligence (+8).
 y - the crystal ball of Wucad Mu {*channel}
   (You found it in the Dungeon)

   *Channel:  It often returns the magic spent to cast spells, but lowers their
   success rate.
   It always returns the magic spent on miscasts.
 E - the +15 Maxwell's patent armour {-Cast -Tele rElec Will+ rCorr}
   (You found it in the Dungeon)

   rElec:     It insulates you from electricity.
   Will+:     It increases your willpower.
   -Cast:     It prevents spellcasting.
   -Tele:     It prevents most forms of teleportation.
   rCorr:     It protects you from acid and corrosion.
 F - the +18 shield of the Gong (worn) {Loud rN+ Will+ rCorr EV-5}
   (You found it in the Dungeon)

   Loud:      It is deafeningly noisy when blocking attacks.
   EV-5:      It affects your evasion (-5).
   rN+:       It protects you from negative energy.
   Will+:     It increases your willpower.
   rCorr:     It protects you from acid and corrosion.
Jewellery
 c - the ring of the Tortoise {AC+8}
   (You found it in the Dungeon)

   [ring of protection]

   AC+8:      It affects your AC (+8).
 q - the ring of Shadows {Umbra +Inv Stlth+}
   (You found it in the Dungeon)

   [ring of stealth]

   Umbra:     It surrounds you with an aura of shadow, increasing your stealth
   and reducing the accuracy of all others within it.
   +Inv:      It lets you turn invisible.
   Stlth+:    It makes you more stealthy.
 s - the ring "Policoic" (right hand) {rF+ MP+9 Str+5}
   (You found it in the Dungeon)

   [ring of magical power]

   Str+5:     It affects your strength (+5).
   rF+:       It protects you from fire.
   MP+9:      It affects your magic capacity (+9).
 u - the ring "Leihoqug" (left hand) {rN+ Str+5 Dex+3}
   (You found it in the Dungeon)

   [ring of positive energy]

   Str+5:     It affects your strength (+5).
   Dex+3:     It affects your dexterity (+3).
   rN+:       It protects you from negative energy.
 Q - the ring of Butchery {rPois rC+ EV+5}
   (You found it in the Dungeon)

   [ring of evasion]

   EV+5:      It affects your evasion (+5).
   rC+:       It protects you from cold.
   rPois:     It protects you from poison
 R - the ring of Dosh {Fly rF+ rN+ SInv}
   (You found it in the Dungeon)

   [ring of flight]

   rF+:       It protects you from fire.
   rN+:       It protects you from negative energy.
   SInv:      It lets you see invisible.
   Fly:       It grants you flight.
 S - the amulet of Faovox (around neck) {Reflect +Inv SH+5}
   (You found it in the Dungeon)

   [amulet of reflection]

   Reflect:   It reflects blocked missile attacks.
   +Inv:      It lets you turn invisible.
   SH+5:      It affects your SH (+5).
 T - the ring of the Uplifting Gods {Str+6 Slay+6}
   (You took it off a spriggan in the Dungeon)

   [ring of strength]

   Str+6:     It affects your strength (+6).
   Slay+6:    It affects your accuracy & damage with ranged weapons and melee
   (+6).
 U - the macabre finger necklace {Finger+ rN+}
   (You found it in the Dungeon)

   [amulet of nothing]

   Finger+:   It enables you to equip an extra ring.
   rN+:       It protects you from negative energy.
Scrolls
 k - 4 scrolls of blinking
 n - 4 scrolls of amnesia
 p - 5 scrolls of identify
 W - 11 scrolls of brand weapon
Potions
 e - 4 potions of resistance
 f - 10 potions of curing
 g - 2 potions of heal wounds
 h - 14 potions of haste
 i - 7 potions of magic
 j - 3 potions of berserk rage
 m - 8 potions of might
Miscellaneous
 r - a lightning rod (4/4)
 v - a phial of floods


   Skills:
 O Level 27 Fighting
 + Level 8.4(10.0) Short Blades
 + Level 8.4(10.0) Long Blades
 + Level 11.4(21.3) Axes
 O Level 27 Maces & Flails
 + Level 8.1(12.0) Polearms
 + Level 8.1(20.0) Staves
 + Level 11.5 Ranged Weapons
 - Level 1.7 Throwing
 O Level 27 Armour
 O Level 27 Dodging
 O Level 27 Shields
 + Level 8.1 Unarmed Combat
 O Level 27 Spellcasting
 O Level 27 Invocations


You had 74 spell levels left.
You didn't know any spells.
Your spell library contained the following spells:

 Spells                   Type           Power      Damage    Failure   Level
 Freeze                   Ice            40%        1d6       16%         1
 Kiss of Death            Conj/Necr      40%        2d8       16%         1
 Magic Dart               Conj           40%        1d5       16%         1
 Necrotise                Necr           40%        1d6       16%         1
 Sandblast                Erth           20%        2d7       16%         1
 Shock                    Conj/Air       40%        1d5       16%         1
 Summon Small Mammal      Summ           40%        N/A       16%         1
 Blink                    Tloc           20%        N/A       24%         2
 Call Imp                 Summ           20%        N/A       24%         2
 Ensorcelled Hibernation  Hex/Ice        20%        N/A       24%         2
 Jinxbite                 Hex            20%        N/A       24%         2
 Mercury Vapours          Alch/Air       20%        N/A       24%         2
 Passwall                 Alch/Erth      8%         N/A       24%         2
 Scorch                   Fire           20%        2d5       24%         2
 Searing Ray              Conj           20%        2d5       24%         2
 Static Discharge         Conj/Air       20%        3-4/arc   24%         2
 Sublimation of Blood     Necr           10%        N/A       24%         2
 Call Canine Familiar     Summ           10%        N/A       43%         3
 Confusing Touch          Hex            10%        N/A       43%         3
 Frozen Ramparts          Ice            20%        1d4       43%         3
 Fugue of the Fallen      Necr           10%        N/A       43%         3
 Gell's Gravitas          Tloc           10%        N/A       43%         3
 Hailstorm                Conj/Ice       10%        3d6       43%         3
 Inner Flame              Hex/Fire       10%        N/A       43%         3
 Mephitic Cloud           Conj/Alch/Air  10%        N/A       43%         3
 Ozocubu's Armour         Ice            10%        N/A       43%         3
 Stone Arrow              Conj/Erth      20%        3d8       43%         3
 Summon Guardian Golem    Hex/Summ       10%        N/A       43%         3
 Swiftness                Air            10%        N/A       43%         3
 Teleport Other           Tloc           10%        N/A       43%         3
 Tukima's Dance           Hex            10%        N/A       43%         3
 Vampiric Draining        Necr           10%        2d6       43%         3
 Volatile Blastmotes      Fire/Tloc      20%        2d11      43%         3
 Airstrike                Air            5%         2d(1-17)  83%         4
 Anguish                  Hex/Necr       5%         N/A       83%         4
 Animate Armour           Summ/Erth      20%        N/A       83%         4
 Animate Dead             Necr           10%        N/A       83%         4
 Brom's Barrelling Bould  Conj/Erth      10%        2d3       83%         4
 Cause Fear               Hex            5%         N/A       83%         4
 Dimensional Bullseye     Hex/Tloc       5%         N/A       83%         4
 Dispel Undead            Necr           10%        3d9       83%         4
 Flame Wave               Conj/Fire      10%        2d6       83%         4
 Fulminant Prism          Conj/Alch      5%         3d7       83%         4
 Ignite Poison            Fire/Alch      10%        N/A       83%         4
 Iskenderun's Mystic Bla  Conj/Tloc      10%        2d4       83%         4
 Leda's Liquefaction      Alch/Erth      5%         N/A       83%         4
 Manifold Assault         Tloc           10%        N/A       83%         4
 Olgreb's Toxic Radiance  Alch           10%        N/A       83%         4
 Passage of Golubria      Tloc           10%        N/A       83%         4
 Sticky Flame             Fire/Alch      10%        2d5       83%         4
 Summon Ice Beast         Ice/Summ       10%        N/A       83%         4
 Summon Lightning Spire   Summ/Air       10%        N/A       83%         4
 Vhi's Electric Charge    Tloc/Air       20%        N/A       83%         4
 Agony                    Necr           10%        N/A       99%         5
 Arcjolt                  Conj/Air       5%         1d15      99%         5
 Borgnjor's Vile Clutch   Necr/Erth      5%         N/A       99%         5
 Fireball                 Conj/Fire      5%         3d5       99%         5
 Freezing Cloud           Conj/Ice/Air   5%         6-21      99%         5
 Irradiate                Conj/Alch      5%         3d13      99%         5
 Iskenderun's Battlesphe  Conj           10%        2d6       99%         5
 Lee's Rapid Deconstruct  Erth           5%         3d6*      99%         5
 Metabolic Englaciation   Hex/Ice        5%         N/A       99%         5
 Silence                  Hex/Air        5%         N/A       99%         5
 Summon Forest            Summ/Tloc      5%         N/A       99%         5
 Summon Mana Viper        Hex/Summ       10%        N/A       99%         5
 Yara's Violent Unravell  Hex/Alch       5%         3d4       99%         5
 Bombard                  Conj/Erth      5%         9d2       100%        6
 Conjure Ball Lightning   Conj/Air       5%         3x3d6     100%        6
 Death Channel            Necr           5%         N/A       100%        6
 Dispersal                Tloc           5%         N/A       100%        6
 Eringya's Noxious Bog    Alch           5%         4d6       100%        6
 Plasma Beam              Fire/Air       5%         2x1d15    100%        6
 Simulacrum               Ice/Necr       5%         N/A       100%        6
 Summon Cactus Giant      Summ           5%         N/A       100%        6
 Enfeeble                 Hex            5%         N/A       100%        7
 Haunt                    Necr/Summ      5%         N/A       100%        7
 Malign Gateway           Summ/Tloc      5%         N/A       100%        7
 Monstrous Menagerie      Summ           5%         N/A       100%        7
 Orb of Destruction       Conj           5%         9d5       100%        7
 Ozocubu's Refrigeration  Ice            5%         4d8       100%        7
 Spellforged Servitor     Conj/Summ      5%         N/A       100%        7
 Summon Hydra             Summ           5%         N/A       100%        7
 Borgnjor's Revivificati  Necr           5%         N/A       100%        8
 Ignition                 Fire           5%         3d4       100%        8
 Infestation              Necr           5%         N/A       100%        8
 Lehudib's Crystal Spear  Conj/Erth      5%         10d3      100%        8
 Maxwell's Capacitive Co  Air            5%         ∞         100%        8
 Summon Horrible Things   Summ           5%         N/A       100%        8
 Chain Lightning          Conj/Air       5%         3d6       100%        9
 Dragon's Call            Summ           5%         N/A       100%        9
 Fire Storm               Conj/Fire      5%         8d1       100%        9
 Shatter                  Erth           5%         3d8*      100%        9


Dungeon Overview and Level Annotations

Branches:
Dungeon (1/1)

Altars:
Ashenzari
Cheibriados
Dithmenos
Fedhas
Gozag
Hepliaklqana
Kikubaaqudgha
Makhleb
Nemelex Xobeh
Okawaru
Qazlal
Ru
Sif Muna
Trog
Uskayaw
Vehumet
Wu Jian
Xom
Yredelemnul
Jiyva
Lugonu


Innate Abilities, Weirdness & Mutations

You have a pair of large horns on your head.
A meltable icy envelope protects you from harm. (AC +8)
You are very robust. (+20% HP)
A meltable shield of frost defends you. (SH +4)
You have a sharp stinger which inflicts weakening toxins.
Your touch may irresistibly damage your foes and sap their willpower.


Message History

Qazlal accepts your kill.
No target in view!
No target in view!
Unknown command.
Unknown command.
Things that are here:
a +0 dagger; a +0 robe You see here a +2 arbalest of flaming.
Things that are here:
a +0 dagger; a +0 robe You start resting.
Your protection from fire is fading.
You start resting.
Magic restored.
Unknown command.
You start resting.
You feel less protected from fire.
You start resting.
Your icy envelope is restored.
Unknown command.
You start resting.
HP restored.
Unknown command.
You start waiting.
Unknown command.
You start waiting.
An ice devil comes into view.
Unknown command.
Things that are here:
a +1 whip of holy wrath; a +0 robe
There is a staircase leading out of the dungeon here.
Things that are here:
a +5 long sword of holy wrath; a +0 tower shield; a hell hog corpse You bludgeon the ice devil!!
The ice devil shudders.
The ice devil is heavily wounded. x2
You hit the ice devil.
The ice devil shudders.
You kill the ice devil!
Qazlal accepts your kill.
No target in view!
You have escaped!

.))."))))...▓.............▓...8©8
....".......▓..▓.......▓..▓..|.".
....÷.......▓.............▓......
............▓.............▓..[[).
............▓.....≈©..≈.≈.▓......
............▓▓▓▓▓▓▓▓▓▓▓▓▓▓▓......
▓.......▓...▓8888888888888▓......
▓▓.....▓▓▓..▓8..÷.○))....8▓..▓...
▓.......▓...▓8.)@)°))[©..8▓.▓....
............▓8.°°.○......8▓....©.
....©.......▓8888888888888▓▓▓▓▓▓▓
▓▓▓▓▓▓▓▓▓▓▓▓▓▓▓▓▓▓▓▓▓▓▓▓▓▓▓▓▓▓▓▓▓
.....8©8!.......▓........8©8?....
..=..[.[[|.|[//.▓.|[)|[))))==[)|.
[|...:....))):|.▓.|/[/|)..)=.:/./
../......)/.|:..▓.||[..:[./"[).).
.........?.)....▓......|.........


There were no monsters in sight!

Vanquished Creatures
  3 ancient liches (D)
  An orb of fire (D)
  2 juggernauts (shapeshifter) (D)
  A royal mummy (D)
  6 shard shrikes (D)
  10 shard shrikes (shapeshifter) (D)
  4 pearl dragons (D)
  4 pandemonium lords (D)
  A profane servitor (D)
  3 Brimstone Fiends (D)
  5 hellephants (D)
  3 Orb Guardians (D)
  9 Ice Fiends (D)
  6 liches (D)
  9 searing wretches (D)
  2 titans (D)
  7 ancient champions (D)
  10 titans (shapeshifter) (D)
  5 storm dragons (D)
  5 shadow dragons (D)
  A fire giant (D)
  6 azure jellies (D)
  9 rockslimes (shapeshifter) (D)
  2 rockslimes (D)
  16 narguns (D)
  3 daevas (D)
  6 nagarajas (D)
  2 demonspawn warmongers (D)
  16 balrugs (D)
  10 ghouls (D)
  4 frost giants (D)
  A cacodemon (D)
  An angel (D)
  A reaper (D)
  3 stone giants (D)
  5 vampire knights (D)
  A demonspawn blood saint (D)
  3 apis (D)
  2 ophanim (D)
  A green draconian (D)
  2 black draconians (D)
  16 wendigos (D)
  A lorocyproca (D)
  4 war gargoyles (D)
  2 blizzard demons (D)
  A green death (D)
  7 fire dragons (D)
  An entropy weaver (shapeshifter) (D)
  3 mummy priests (D)
  A great orb of eyes (shapeshifter) (D)
  An ice dragon (D)
  A rakshasa (D)
  23 vault guards (D)
  A hell beast (D)
  A hydra (D)
  An anaconda (shapeshifter) (D)
  3 spriggan air magi (D)
  A stoker (D)
  3 anacondas (D)
  5 vampire magi (D)
  12 hell hogs (D)
  A naga warrior (D)
  2 shock serpents (shapeshifter) (D)
  6 sun demons (D)
  A soul eater (D)
  A skyshark (shapeshifter) (D)
  4 sea snakes (shapeshifter) (D)
  2 sixfirhies (D)
  A death drake (shapeshifter) (D)
  3 skeletal warriors (D)
  A cherub (D)
  2 deep trolls (shapeshifter) (D)
  A steelbarb worm (shapeshifter) (D)
  A sun moth (shapeshifter) (D)
  A swamp dragon (shapeshifter) (D)
  A glowing orange brain (D)
  2 orb spiders (shapeshifter) (D)
  3 lindwurms (D)
  5 necromancers (D)
  An arcanist (D)
  A harpy (D)
  A salamander (shapeshifter) (D)
  A mana viper (shapeshifter) (D)
  2 manticores (shapeshifter) (D)
  2 moths of wrath (shapeshifter) (D)
  A shining eye (D)
  A cyclops (shapeshifter) (D)
  2 shining eyes (shapeshifter) (D)
  5 draconians (D)
  2 fauns (shapeshifter) (D)
  An elephant (shapeshifter) (D)
  A vault sentinel (D)
  A guardian serpent (shapeshifter) (D)
  2 black mambas (D)
  3 guardian serpents (D)
  A black mamba (shapeshifter) (D)
  2 naga magi (D)
  An eye of devastation (shapeshifter) (D)
  2 water nymphs (shapeshifter) (D)
  A smoke demon (D)
  4 orange demons (D)
  A cane toad (shapeshifter) (D)
  A torpor snail (shapeshifter) (D)
  A rime drake (shapeshifter) (D)
  3 rime drakes (D)
  10 hellions (D)
  7 tormentors (D)
  2 efreet (D)
  A komodo dragon (shapeshifter) (D)
  6 freezing wraiths (D)
  8 yaktaurs (D)
  2 ice devils (D)
  2 trolls (shapeshifter) (D)
  3 guardian mummies (D)
  3 wind drakes (D)
  3 hellwings (D)
  2 polar bears (shapeshifter) (D)
  A merfolk (shapeshifter) (D)
  A wind drake (shapeshifter) (D)
  A tarantella (shapeshifter) (D)
  A hornet (D)
  A blink frog (shapeshifter) (D)
  A glass eye (D)
  An air elemental (D)
  A culicivora (shapeshifter) (D)
  2 spriggans (shapeshifter) (D)
  6 slime creatures (D)
  3 spriggans (D)
  A vampire (D)
  3 shadows (D)
  2 wyverns (D)
  3 small abominations (D)
  A ynoxinul (D)
  7 fire elementals (D)
  A hog (shapeshifter) (D)
  A warg (shapeshifter) (D)
  A golden eye (shapeshifter) (D)
  4 steam dragons (D)
  A yak (shapeshifter) (D)
  2 neqoxecs (D)
  2 redbacks (shapeshifter) (D)
  A basilisk (shapeshifter) (D)
  A chaos spawn (D)
  An acid dragon (D)
  4 nagas (D)
  2 swamp worms (shapeshifter) (D)
  8 hell hounds (D)
  A water moccasin (shapeshifter) (D)
  5 water moccasins (D)
  A sky beast (shapeshifter) (D)
  3 swamp drakes (D)
  A black bear (D)
  An ogre (shapeshifter) (D)
  5 wolves (D)
  4 necrophages (D)
  4 wights (D)
  A crimson imp (D)
  A jelly (D)
  An iron imp (D)
  2 iguanas (D)
  5 mummies (D)
  5 adders (D)
  2 river rats (D)
  A shadow imp (D)
  An adder zombie (D)
  2 adder skeletons (D)
  6 adder simulacra (D)
  3 bat skeletons (D)
  A bat zombie (D)
  An endoplasm (D)
  A giant cockroach (D)
  A jackal (D)
  3 ball pythons (D)
  8 ball python simulacra (D)
  4 ball python skeletons (D)
  8 bat simulacra (D)
  5 giant cockroach simulacra (D)
  A giant cockroach zombie (D)
  2 quokka simulacra (D)
  5 fire vortices (D)
570 creatures vanquished.

Vanquished Creatures (others)
  A blizzard demon (D)
  4 large abominations (D)
  2 small abominations (D)
  A bat simulacrum (D)
8 creatures vanquished.

Grand Total: 578 creatures vanquished

Notes
Turn   | Place    | Note
-------+----------+-------------------------------------------
     0 | D        | Groucho the Demonspawn Gladiator began the quest for the
                  | Orb.
     0 | D        | Reached XP level 1. HP: 16/16 MP: 1/1
    14 | D        | Found a shimmering blue altar of Sif Muna.
    14 | D        | Found a bloodstained altar of Trog.
    14 | D        | Found a sacrificial altar of Ru.
    14 | D        | Found a stormy altar of Qazlal.
    14 | D        | Found an iron altar of Okawaru.
    15 | D        | Found a sparkling altar of Nemelex Xobeh.
    15 | D        | Found a blossoming altar of Fedhas.
    15 | D        | Found the +6 Majin-Bo {spellvamp, MP+6 Int+6}
    15 | D        | Found the +27 heavy crossbow "Sniper" {heavy, Acc+∞ SInv}
    15 | D        | Found the +10 dark maul {heavy}
    15 | D        | Found the +15 Maxwell's patent armour {-Cast -Tele rElec
                  | Will+ rCorr}
    15 | D        | Found the +18 shield of the Gong {Loud rN+ Will+ rCorr
                  | EV-5}
    15 | D        | Found the +16 obsidian axe {drain, demonic, Mesm ^Drain Fly
                  | SInv}
    15 | D        | Found the +7 great mace "Firestarter" {flame, immolate,
                  | rFlCloud rF++}
    15 | D        | Found the +6 shillelagh "Devastator" {shatter}
    15 | D        | Found the +11 plutonium sword {^Contam Stlth-}
    15 | D        | Found the +8 lance "Wyrmbane" {slay drac, rPois rF+ rC+
                  | AC+3}
    15 | D        | Found the +9 sword of Zonguldrok {reap}
    15 | D        | Found the +13 scythe of Curses {drain, curses, ^Drain}
    15 | D        | Found the +9 sword of Power {lifebolt}
    15 | D        | Found the +7 mace of Variability {chaos, chaos arc}
    15 | D        | Found the +11 Singing Sword {sonic wave}
    15 | D        | Found the +8 storm bow {elec, penet}
    17 | D        | Found a transporter.
    17 | D        | Found an ancient bone altar of Kikubaaqudgha.
    17 | D        | Found a viscous altar of Jiyva.
    17 | D        | Found a corrupted altar of Lugonu.
    17 | D        | Found a hazy altar of Hepliaklqana.
    17 | D        | Found a burning altar of Makhleb.
    17 | D        | Found an opulent altar of Gozag.
    46 | D        | Became a worshipper of Qazlal Stormbringer
    76 | D        | Entered arena 2.
    76 | D        | Noticed a rime drake
    76 | D        | Noticed a steam dragon
    76 | D        | Found a transporter.
    79 | D        | Killed a steam dragon
    80 | D        | Discovered your monstrous ancestry.
    80 | D        | Gained mutation: You have a pair of small horns on your
                  | head. [demonic ancestry]
    80 | D        | Reached XP level 2. HP: 26/26 MP: 1/6
    80 | D        | Reached XP level 3. HP: 31/31 MP: 1/8
    80 | D        | Reached XP level 4. HP: 38/38 MP: 1/9
    85 | D        | Killed a rime drake
    86 | D        | Reached skill level 5 in Armour
    86 | D        | Reached skill level 5 in Shields
    86 | D        | Reached skill level 10 in Invocations
    86 | D        | Gained mutation: A meltable shield of frost defends you.
                  | (SH +4) [demonic ancestry]
    86 | D        | Reached XP level 5. HP: 46/46 MP: 1/12
    86 | D        | Gained mutation: You have a small tail. [demonic ancestry]
    86 | D        | Reached XP level 6. HP: 52/52 MP: 1/14
   455 | D        | Entered arena 3.
   455 | D        | Found a transporter.
   457 | D        | Reached * piety under Qazlal
   469 | D        | Entered arena 4.
   469 | D        | Found a transporter.
   471 | D        | Reached ** piety under Qazlal
   473 | D        | Gained mutation: A meltable icy envelope protects you from
                  | harm. (AC +8) [demonic ancestry]
   473 | D        | Reached XP level 7. HP: 59/59 MP: 15/15
   488 | D        | Entered arena 5.
   488 | D        | Found a transporter.
   489 | D        | Reached *** piety under Qazlal
   694 | D        | Entered arena 6.
   694 | D        | Noticed a steam dragon
   694 | D        | Noticed a rime drake
   694 | D        | Noticed a steam dragon
   694 | D        | Found a transporter.
   695 | D        | Killed a steam dragon
   695 | D        | Killed a steam dragon
   695 | D        | Reached **** piety under Qazlal
   696 | D        | Killed a rime drake
   697 | D        | Gained mutation: You have a tail ending in a sharp stinger.
                  | [demonic ancestry]
   697 | D        | Reached XP level 8. HP: 66/68 MP: 10/18
   930 | D        | Entered arena 7.
   930 | D        | Noticed a lindwurm
   930 | D        | Noticed a lindwurm
   930 | D        | Noticed a lindwurm
   930 | D        | Noticed a vault sentinel
   930 | D        | Noticed an arcanist
   930 | D        | Noticed a harpy
   931 | D        | Killed an arcanist
   932 | D        | Killed a lindwurm
   933 | D        | Reached skill level 15 in Invocations
   933 | D        | Reached XP level 9. HP: 76/76 MP: 12/20
   934 | D        | Killed a vault sentinel
   934 | D        | Killed a lindwurm
   935 | D        | Killed a harpy
   936 | D        | Killed a lindwurm
   936 | D        | Reached ***** piety under Qazlal
   937 | D        | Reached skill level 10 in Fighting
   937 | D        | Gained mutation: Your touch may inflict minor irresistible
                  | damage on your foes. [demonic ancestry]
   937 | D        | Reached XP level 10. HP: 85/85 MP: 7/22
   937 | D        | Found a transporter.
  1198 | D        | Entered arena 8.
  1198 | D        | Noticed a shining eye
  1198 | D        | Noticed a black mamba
  1199 | D        | Killed a shining eye
  1199 | D        | Killed a black mamba
  1200 | D        | Reached skill level 10 in Maces & Flails
  1200 | D        | Found a transporter.
  1253 | D        | Entered arena 9.
  1253 | D        | Noticed a spriggan rider
  1254 | D        | Reached ****** piety under Qazlal
  1505 | D        | Found a transporter.
  1517 | D        | Got the ring of Dosh {Fly rF+ rN+ SInv}
  1528 | D        | Entered arena 10.
  1528 | D        | Noticed a draconian
  1528 | D        | Noticed a black draconian
  1528 | D        | Noticed a draconian
  1528 | D        | Noticed a draconian
  1528 | D        | Noticed a draconian
  1528 | D        | Noticed a draconian
  1528 | D        | Noticed a black draconian
  1528 | D        | Noticed a green draconian
  1529 | D        | Killed a green draconian
  1529 | D        | Killed a draconian
  1529 | D        | Killed a draconian
  1529 | D        | Killed a black draconian
  1529 | D        | Killed a draconian
  1529 | D        | Killed a draconian
  1529 | D        | Killed a draconian
  1529 | D        | Killed a black draconian
  1530 | D        | Reached skill level 10 in Armour
  1530 | D        | Reached skill level 10 in Shields
  1530 | D        | Gained mutation: You have a pair of horns on your head.
                  | [demonic ancestry]
  1530 | D        | Reached XP level 11. HP: 95/95 MP: 15/25
  1800 | D        | Found a transporter.
  1808 | D        | Got the amulet "Raoffol" {Faith rElec rF- Will+ Int+4}
  1830 | D        | Entered arena 11.
  1832 | D        | Found a transporter.
  1841 | D        | Got the ring "Policoic" {rF+ MP+9 Str+5}
  1848 | D        | Got the amulet of Faovox {Reflect +Inv SH+5}
  1974 | D        | Entered arena 12.
  1974 | D        | Noticed an eight-headed hydra
  1974 | D        | Noticed an ice dragon
  1974 | D        | Noticed a fire dragon
  1974 | D        | Noticed a fire dragon
  1976 | D        | Killed an eight-headed hydra
  1976 | D        | Killed an ice dragon
  1976 | D        | Killed a fire dragon
  1978 | D        | Killed a fire dragon
  1979 | D        | Found a transporter.
  2246 | D        | Entered arena 13.
  2246 | D        | Noticed a daeva
  2246 | D        | Noticed a pearl dragon
  2246 | D        | Noticed an ophan
  2246 | D        | Noticed an apis
  2247 | D        | Noticed a pearl dragon
  2247 | D        | Found the +4 consecrated labrys {holy, Valiant ^Fragile Fly
                  | SInv}
  2248 | D        | Killed an ophan
  2248 | D        | Killed an apis
  2248 | D        | Killed a pearl dragon
  2248 | D        | Killed a pearl dragon
  2248 | D        | Killed a daeva
  2249 | D        | Reached XP level 12. HP: 106/106 MP: 27/27
  2527 | D        | Found a transporter.
  2667 | D        | Entered arena 14.
  2667 | D        | Noticed a storm dragon
  2668 | D        | Noticed a storm dragon
  2668 | D        | Noticed a storm dragon
  2668 | D        | Noticed a storm dragon
  2668 | D        | Noticed a storm dragon
  2668 | D        | Noticed a spriggan air mage
  2668 | D        | Noticed a spriggan air mage
  2668 | D        | Noticed a spriggan air mage
  2669 | D        | Killed a spriggan air mage
  2669 | D        | Killed a spriggan air mage
  2669 | D        | Killed a storm dragon
  2669 | D        | Killed a storm dragon
  2669 | D        | Killed a spriggan air mage
  2669 | D        | Killed a storm dragon
  2671 | D        | Killed a storm dragon
  2673 | D        | Killed a storm dragon
  2674 | D        | Gained mutation: You have a sharp stinger which inflicts
                  | weakening toxins. [demonic ancestry]
  2674 | D        | Reached XP level 13. HP: 91/114 MP: 17/29
  2734 | D        | Found a transporter.
  2768 | D        | Entered arena 15.
  2768 | D        | Noticed an ancient champion
  2768 | D        | Noticed an ancient champion
  2768 | D        | Noticed an ancient champion
  2768 | D        | Noticed a war gargoyle
  2769 | D        | Noticed a war gargoyle
  2769 | D        | Noticed a war gargoyle
  2769 | D        | Noticed an ancient champion
  2769 | D        | Noticed an ancient champion
  2769 | D        | Found the +8 demon blade "Leech" {evervamp, Harm ^Drain
                  | rN+}
  2769 | D        | Found the +7 hand cannon "Mule" {flame, backblast, rF+}
  2769 | D        | Noticed a war gargoyle
  2769 | D        | Noticed an ancient champion
  2770 | D        | Killed a war gargoyle
  2770 | D        | Killed a war gargoyle
  2770 | D        | Killed a war gargoyle
  2770 | D        | Killed an ancient champion
  2770 | D        | Killed an ancient champion
  2770 | D        | Killed an ancient champion
  2770 | D        | Killed an ancient champion
  2770 | D        | Killed an ancient champion
  2770 | D        | Killed an ancient champion
  2770 | D        | Killed an ancient champion
  2770 | D        | Killed a war gargoyle
  2771 | D        | Reached skill level 27 in Invocations
  3044 | D        | Found a transporter.
  3085 | D        | Entered arena 16.
  3085 | D        | Noticed a mummy priest
  3086 | D        | Noticed a mummy priest
  3086 | D        | Noticed a mummy priest
  3087 | D        | Identified the +5 whip "Killer Klown's Bane" {freeze, rC+
                  | rN+ Dex-4}
  3087 | D        | Killed a mummy priest
  3087 | D        | Killed a mummy priest
  3087 | D        | Noticed a royal mummy
  3088 | D        | Reached skill level 15 in Maces & Flails
  3091 | D        | Killed a mummy priest
  3091 | D        | Killed a royal mummy
  3411 | D        | Found a transporter.
  3419 | D        | Got Sif Muna's Catalogue of Well-Done Frost
  3438 | D        | Entered arena 17.
  3439 | D        | Noticed a rockslime
  3441 | D        | Noticed an azure jelly
  3441 | D        | Noticed a rockslime
  3441 | D        | Noticed an azure jelly
  3442 | D        | Killed a rockslime
  3442 | D        | Killed an azure jelly
  3442 | D        | Killed a rockslime
  3442 | D        | Killed an azure jelly
  3443 | D        | Reached skill level 15 in Armour
  3443 | D        | Reached skill level 15 in Shields
  3443 | D        | Reached XP level 14. HP: 128/128 MP: 31/31
  3686 | D        | Found a transporter.
  3736 | D        | Entered arena 18.
  3738 | D        | Noticed a daeva
  3738 | D        | Noticed a pearl dragon
  3738 | D        | Noticed a pearl dragon
  3739 | D        | Noticed an apis
  3739 | D        | Noticed an apis
  3739 | D        | Noticed an ophan
  3740 | D        | Killed a pearl dragon
  3740 | D        | Killed a daeva
  3740 | D        | Killed an apis
  3740 | D        | Killed an apis
  3740 | D        | Killed an ophan
  3743 | D        | Killed a pearl dragon
  3974 | D        | Found a transporter.
  4000 | D        | Got the Guide on Topomancy and Freezing
  4002 | D        | Got Sif Muna's Teachings on the Cold Arsonist
  4019 | D        | Entered arena 19.
  4021 | D        | Noticed a titan
  4021 | D        | Noticed an azure jelly
  4021 | D        | Noticed a nargun
  4022 | D        | Noticed an ancient lich
  4022 | D        | Noticed a frost giant
  4022 | D        | Noticed a frost giant
  4023 | D        | Killed a nargun
  4023 | D        | Killed an azure jelly
  4023 | D        | Killed a frost giant
  4023 | D        | Killed a titan
  4023 | D        | Killed an ancient lich
  4024 | D        | Killed a frost giant
  4026 | D        | Found a transporter.
  4083 | D        | Got the Folio of the Fifth Circle
  4110 | D        | Entered arena 20.
  4113 | D        | Noticed a shard shrike
  4114 | D        | Noticed a nargun
  4115 | D        | Killed a shard shrike
  4115 | D        | Killed a nargun
  4117 | D        | Noticed a frost giant
  4117 | D        | Found the macabre finger necklace {Finger+ rN+}
  4117 | D        | Found the +4 robe of Folly {Brill Will-∞ Int+8}
  4120 | D        | Killed a frost giant
  4121 | D        | Gained mutation: Your touch may inflict irresistible damage
                  | on your foes. [demonic ancestry]
  4121 | D        | Reached XP level 15. HP: 139/139 MP: 19/32
  4200 | D        | Found a transporter.
  4238 | D        | Got Sif Muna's Octavo of the Thirsty Coins
  4284 | D        | Entered arena 21.
  4288 | D        | Noticed a nagaraja
  4288 | D        | Noticed a nagaraja
  4288 | D        | Identified the ring of Acehurak {Fly Str+6}
  4288 | D        | Noticed a nagaraja
  4290 | D        | Killed a nagaraja
  4290 | D        | Killed a nagaraja
  4290 | D        | Killed a nagaraja
  4290 | D        | Noticed a nagaraja
  4290 | D        | Noticed a nagaraja
  4292 | D        | Killed a nagaraja
  4293 | D        | Reached skill level 10 in Dodging
  4293 | D        | Killed a nagaraja
  4293 | D        | Noticed a nagaraja
  4294 | D        | Identified the +6 rapier "Ceut" {venom, Will++}
  4298 | D        | Killed a nagaraja
  4686 | D        | Found a transporter.
  4693 | D        | Got the Annotations on Freezing Vapour
  4737 | D        | Entered arena 22.
  4740 | D        | Noticed a Brimstone Fiend
  4740 | D        | Noticed a searing wretch
  4740 | D        | Noticed a searing wretch
  4740 | D        | Noticed a searing wretch
  4740 | D        | Noticed a hellephant
  4741 | D        | Noticed a hellephant
  4741 | D        | Noticed a searing wretch
  4741 | D        | Noticed a hellephant
  4741 | D        | Noticed a searing wretch
  4741 | D        | Noticed a hellephant
  4741 | D        | Noticed a Brimstone Fiend
  4741 | D        | Noticed a searing wretch
  4741 | D        | Noticed a searing wretch
  4742 | D        | Killed a Brimstone Fiend
  4742 | D        | Killed a Brimstone Fiend
  4742 | D        | Killed a searing wretch
  4742 | D        | Killed a searing wretch
  4742 | D        | Killed a searing wretch
  4742 | D        | Killed a searing wretch
  4742 | D        | Killed a searing wretch
  4742 | D        | Killed a searing wretch
  4742 | D        | Noticed a hellephant
  4742 | D        | Noticed a searing wretch
  4743 | D        | Killed a searing wretch
  4743 | D        | Killed a hellephant
  4743 | D        | Killed a hellephant
  4743 | D        | Killed a searing wretch
  4743 | D        | Killed a hellephant
  4743 | D        | Noticed a searing wretch
  4745 | D        | Killed a hellephant
  4746 | D        | Gained mutation: A meltable icy envelope protects you from
                  | harm. (AC +8) [demonic ancestry]
  4746 | D        | Reached XP level 16. HP: 98/154 MP: 20/33
  4746 | D        | Killed a searing wretch
  4747 | D        | Identified the +1 great sword "Issyfol" {freeze, rF+ Dex+4}
  4755 | D        | Found a transporter.
  4758 | D        | Killed a hellephant
  4971 | D        | Got the ring "Leihoqug" {rN+ Str+5 Dex+3}
  4976 | D        | Entered arena 23.
  4980 | D        | Noticed a shard shrike
  4980 | D        | Noticed a shard shrike
  4981 | D        | a shard shrike changed into a rockslime
  4981 | D        | Noticed a shard shrike
  4982 | D        | a shard shrike changed into a rockslime
  4982 | D        | Noticed a shard shrike
  4983 | D        | Killed a shard shrike
  4983 | D        | a rockslime changed into a juggernaut
  4983 | D        | Noticed a juggernaut (glowing shapeshifter)
  4984 | D        | Reached skill level 15 in Dodging
  4984 | D        | Killed a shard shrike
  4984 | D        | Noticed a titan
  4985 | D        | Noticed a shard shrike
  4986 | D        | a titan changed into a rockslime
  4988 | D        | Noticed a titan
  4989 | D        | Noticed a juggernaut
  4991 | D        | a rockslime changed into a shard shrike
  4991 | D        | Noticed a shard shrike (glowing shapeshifter)
  4992 | D        | Killed a juggernaut
  4994 | D        | a titan changed into a rockslime
  4994 | D        | a juggernaut changed into a titan
  4994 | D        | Noticed a titan (glowing shapeshifter)
  4996 | D        | a titan changed into a shard shrike
  4996 | D        | Noticed a shard shrike (glowing shapeshifter)
  4996 | D        | a shard shrike changed into a titan
  4996 | D        | Noticed a titan (glowing shapeshifter)
  4997 | D        | a shard shrike changed into a juggernaut
  4997 | D        | Noticed a juggernaut (glowing shapeshifter)
  4997 | D        | a titan changed into a juggernaut
  4997 | D        | Noticed a juggernaut (glowing shapeshifter)
  4999 | D        | Killed a juggernaut
  4999 | D        | a juggernaut changed into a shard shrike
  4999 | D        | Noticed a shard shrike (glowing shapeshifter)
  5004 | D        | Killed a shard shrike
  5009 | D        | Killed a shard shrike
  5010 | D        | Found the +5 glaive of the Guard {elec, spectral}
  5011 | D        | Found the -2 hat of the Alchemist {rElec rPois rF+ rC+ rN+
                  | Will+ rMut rCorr}
  5012 | D        | Found a transporter.
  5031 | D        | Got the ring of Pias {^Contam Fly rF+ rC+ Int+2}
  5034 | D        | Got Bithofig's Writings on Vile Toxicants
  5137 | D        | Entered arena 24.
  5143 | D        | Noticed an orb of fire
  5153 | D        | Found the +8 autumn katana {manifold assault}
  5153 | D        | Found the ring of the Tortoise {AC+8}
  5155 | D        | Killed an orb of fire
  5156 | D        | Reached skill level 27 in Armour
  5156 | D        | Reached XP level 17. HP: 85/166 MP: 13/34
  5334 | D        | Found a transporter.
  5414 | D        | Acquired a manual of Spellcasting
  5419 | D        | Entered arena 25.
  5425 | D        | Noticed a lich
  5425 | D        | Noticed a lich
  5426 | D        | Noticed an ancient lich
  5426 | D        | Found the crystal ball of Wucad Mu {*channel}
  5426 | D        | Identified the +0 chain mail "Balano" {rC++}
  5427 | D        | Noticed a lich
  5427 | D        | Noticed a lich
  5427 | D        | Identified the +8 quarterstaff of Causality {flame, Int+4
                  | Dex-3}
  5427 | D        | Noticed a titan
  5428 | D        | Killed a lich
  5428 | D        | Killed a lich
  5428 | D        | Killed a lich
  5428 | D        | Identified the +10 morningstar of the Two Names {heavy, rF+
                  | rN++ Str+3}
  5429 | D        | Killed an ancient lich
  5429 | D        | Killed a lich
  5430 | D        | Reached skill level 27 in Shields
  5430 | D        | Killed a titan
  5431 | D        | Reached skill level 27 in Fighting
  5717 | D        | Found a transporter.
  5754 | D        | Acquired a manual of Axes
  5847 | D        | Entered arena 26.
  5855 | D        | Identified the staff of Mens Rea {rF+ Summ Fire}
  5855 | D        | Identified the +0 robe of Virtue {+Inv rElec rC- Will++
                  | Dex+3}
  5856 | D        | Noticed a lich
  5856 | D        | Identified the +2 quarterstaff of Thoughtfulness {drain,
                  | *Corrode MP+9 Str+9}
  5857 | D        | Noticed a lich
  5857 | D        | Found the ring of Shadows {Umbra +Inv Stlth+}
  5857 | D        | Identified the ring "Wimiydd" {Will+ rCorr SInv}
  5858 | D        | Killed a lich
  5858 | D        | Identified the ring of Discretion {rN+ Will+ Dex+5}
  5860 | D        | Killed a lich
  5861 | D        | Gained mutation: You have a pair of large horns on your
                  | head. [demonic ancestry]
  5861 | D        | Reached XP level 18. HP: 182/182 MP: 27/35
  5919 | D        | Found a transporter.
  5926 | D        | Got the ring of Butchery {rPois rC+ EV+5}
  5960 | D        | Got the Atlas of Zombies and Pyromancy
  6019 | D        | Entered arena 27.
  6025 | D        | Noticed a shard shrike
  6026 | D        | Noticed a shard shrike
  6026 | D        | a shard shrike changed into a titan
  6026 | D        | Noticed a juggernaut
  6027 | D        | Noticed a shard shrike
  6027 | D        | a titan changed into a shard shrike
  6027 | D        | Noticed a shard shrike (glowing shapeshifter)
  6027 | D        | Noticed a shard shrike
  6028 | D        | Noticed a juggernaut
  6028 | D        | Identified the ring of the Uplifting Gods {Str+6 Slay+6}
  6029 | D        | a titan changed into a shard shrike
  6029 | D        | Noticed a shard shrike (glowing shapeshifter)
  6029 | D        | a shard shrike changed into a titan
  6029 | D        | a shard shrike changed into a juggernaut
  6029 | D        | Noticed a juggernaut (glowing shapeshifter)
  6029 | D        | Noticed a shard shrike
  6031 | D        | Noticed a shard shrike
  6032 | D        | Killed a shard shrike
  6032 | D        | Killed a shard shrike
  6032 | D        | a juggernaut changed into a titan
  6032 | D        | a shard shrike changed into a rockslime
  6032 | D        | a shard shrike changed into a titan
  6032 | D        | Noticed a shard shrike
  6032 | D        | Noticed a juggernaut
  6033 | D        | Reached skill level 27 in Dodging
  6033 | D        | Noticed a shard shrike
  6034 | D        | a rockslime changed into a shard shrike
  6034 | D        | Noticed a shard shrike (glowing shapeshifter)
  6034 | D        | a juggernaut changed into a titan
  6035 | D        | a juggernaut changed into a shard shrike
  6035 | D        | Noticed a shard shrike (glowing shapeshifter)
  6035 | D        | a shard shrike changed into a juggernaut
  6035 | D        | Noticed a juggernaut (glowing shapeshifter)
  6037 | D        | a titan changed into a juggernaut
  6037 | D        | Noticed a juggernaut (glowing shapeshifter)
  6037 | D        | a juggernaut changed into a shard shrike
  6037 | D        | Noticed a shard shrike (glowing shapeshifter)
  6038 | D        | Noticed a shard shrike
  6039 | D        | a shard shrike changed into a rockslime
  6039 | D        | a titan changed into a juggernaut
  6039 | D        | Noticed a juggernaut (glowing shapeshifter)
  6039 | D        | a shard shrike changed into a juggernaut
  6039 | D        | Noticed a juggernaut (glowing shapeshifter)
  6040 | D        | Noticed a juggernaut
  6042 | D        | Killed a shard shrike
  6042 | D        | Killed a shard shrike
  6042 | D        | a shard shrike changed into a titan
  6042 | D        | a juggernaut changed into a rockslime
  6042 | D        | a juggernaut changed into a rockslime
  6042 | D        | Noticed a shard shrike
  6043 | D        | Killed a shard shrike
  6043 | D        | a rockslime changed into a shard shrike
  6043 | D        | Noticed a shard shrike (glowing shapeshifter)
  6043 | D        | a juggernaut changed into a rockslime
  6043 | D        | Noticed a juggernaut
  6047 | D        | a juggernaut changed into a rockslime
  6049 | D        | Killed a shard shrike
  6051 | D        | a juggernaut changed into a rockslime
  6053 | D        | a juggernaut changed into a titan
  6053 | D        | a titan changed into a shard shrike
  6053 | D        | Noticed a shard shrike (glowing shapeshifter)
  6055 | D        | a shard shrike changed into a rockslime
  6057 | D        | a shard shrike changed into a juggernaut
  6057 | D        | Noticed a juggernaut (glowing shapeshifter)
  6060 | D        | a juggernaut changed into a shard shrike
  6060 | D        | Noticed a shard shrike (glowing shapeshifter)
  6063 | D        | a shard shrike changed into a titan
  6437 | D        | Found a transporter.
  6689 | D        | Entered arena 28.
  6697 | D        | Noticed a shard shrike
  6698 | D        | Noticed an Ice Fiend
  6699 | D        | Noticed an Ice Fiend
  6699 | D        | Noticed an Ice Fiend
  6700 | D        | Noticed an Ice Fiend
  6700 | D        | Noticed an ancient lich
  6702 | D        | Killed a shard shrike
  6702 | D        | Killed an Ice Fiend
  6702 | D        | Killed an Ice Fiend
  6702 | D        | Killed an Ice Fiend
  6702 | D        | Killed an ancient lich
  6703 | D        | Reached skill level 27 in Maces & Flails
  6703 | D        | Gained mutation: Your touch may irresistibly damage your
                  | foes and sap their willpower. [demonic ancestry]
  6703 | D        | Reached XP level 19. HP: 94/189 MP: 36/39
  6705 | D        | Noticed a shard shrike
  6706 | D        | Killed a shard shrike
  6709 | D        | Noticed a shard shrike
  6710 | D        | Noticed a shard shrike
  6712 | D        | Killed a shard shrike
  6712 | D        | Killed a shard shrike
  6712 | D        | Killed a shard shrike
  6723 | D        | Found the +8 trishula "Condemnation" {holy, anguish, *Noise
                  | Fly rN+}
  6727 | D        | Paralysed by a wendigo for 1 turns
  7008 | D        | Found a transporter.
  7085 | D        | Got the Spellbook of Misty Terra Firma
  7149 | D        | Gained mutation: You are robust. (+10% HP) [demonic
                  | ancestry]
  7149 | D        | Reached XP level 20. HP: 189/216 MP: 48/48
  7172 | D        | Got the Orb of Zot
  9159 | D        | Noticed a profane servitor
  9171 | D        | Killed a profane servitor
  9420 | D        | Reached skill level 27 in Spellcasting
  9420 | D        | Reached skill level 1 in Short Blades
  9420 | D        | Reached skill level 1 in Long Blades
  9420 | D        | Reached skill level 1 in Axes
  9420 | D        | Reached skill level 1 in Polearms
  9420 | D        | Reached skill level 1 in Ranged Weapons
  9423 | D        | Reached skill level 1 in Staves
  9423 | D        | Reached skill level 1 in Unarmed Combat
  9428 | D        | Noticed Niqepnuu the pandemonium lord
  9441 | D        | Killed Niqepnuu the pandemonium lord
  9600 | D        | Reached skill level 5 in Ranged Weapons
  9606 | D        | Reached skill level 5 in Axes
 10255 | D        | Noticed Nyblud the pandemonium lord
 10268 | D        | Killed Nyblud the pandemonium lord
 10269 | D        | Reached skill level 5 in Short Blades
 10269 | D        | Reached skill level 5 in Long Blades
 10269 | D        | Reached skill level 5 in Polearms
 10269 | D        | Reached skill level 5 in Staves
 10269 | D        | Reached skill level 5 in Unarmed Combat
 10286 | D        | Noticed Yfomuonn the pandemonium lord
 10306 | D        | Killed Yfomuonn the pandemonium lord
 10414 | D        | Noticed Kikuen the pandemonium lord
 10424 | D        | Killed Kikuen the pandemonium lord
 10428 | D        | Reached skill level 10 in Ranged Weapons
 10615 | D        | Reached skill level 10 in Axes
 11335 | D        | Gained mutation: You are very robust. (+20% HP) [demonic
                  | ancestry]
 11335 | D        | Reached XP level 21. HP: 211/244 MP: 52/52
 11544 | D        | Escaped with the Orb!

Illustrated notes

Levels and vault maps discovered:
D:        sprint_v [room_start, room_1, room_2, room_3, room_4, room_5, room_6,
          room_7, room_8, room_9, room_10, room_11, room_12, room_13, room_14,
          room_15, room_16, room_17, room_18, room_19, room_20, room_21,
          room_22, room_23, room_24, room_25, room_26, room_27]

Skill      XL: |  1  2  3  4  5  6  7  8  9 10 11 12 13 14 15 16 17 18 19 20 |
---------------+-------------------------------------------------------------+-----
Fighting       | 4 6 8 9 10 12 13 14 17 19 22 24 27 | 27.0
Maces & Flails | 4 6 7 8 9 11 12 13 16 27 | 27.0
Armour         | 3 5 6 7 8 10 12 13 15 17 20 27 | 27.0
Shields        | 3 5 6 7 8 10 12 13 15 21 23 25 27 | 27.0
Invocations    | 7 10 11 14 15 17 20 23 25 27 | 27.0
Dodging        | 8 13 16 25 27 | 27.0
Spellcasting   | 16 24 27 | 27.0
Short Blades   | 8 |  8.4
Long Blades    | 8 |  8.4
Axes           | 11 | 11.4
Polearms       | 8 |  8.1
Ranged Weapons | 11 | 11.5
Staves         | 8 |  8.1
Unarmed Combat | 8 |  8.1
Throwing       | |  1.7

Action                     |  1- 3 |  4- 6 |  7- 9 | 10-12 | 13-15 | 16-18 | 19-21 || total
---------------------------+-------+-------+-------+-------+-------+-------+-------++-------
  Melee: Shillelagh        |     1 |    10 |     6 |       |     1 |    68 |   237 ||   323
         Headbutt          |       |     1 |       |       |       |    25 |    69 ||    95
         Tailslap          |       |       |       |       |       |    20 |    46 ||    66
 Invoke: Upheaval          |       |       |     8 |     6 |     9 |    13 |    17 ||    53
         Disaster Area     |       |       |       |     7 |    13 |    13 |     5 ||    38
  Evoke: Wand              |     2 |     2 |       |       |       |       |       ||     4
    Use: Potion            |       |       |       |       |     3 |     4 |     6 ||    13
         Scroll            |       |       |       |       |       |     6 |     3 ||     9
 Armour: Plate armour      |     2 |     1 |     1 |     7 |     3 |    31 |     4 ||    49
         Gold dragon scale |       |       |       |       |       |       |    40 ||    40
  Dodge: Dodged            |       |       |       |     2 |       |    15 |    22 ||    39
         Repelled          |       |       |       |       |       |     1 |     4 ||     5
  Block: Kite shield       |     1 |     9 |    10 |     1 |    10 |   124 |   231 ||   386
         Reflection        |       |       |       |       |     2 |    17 |       ||    19

Table legend: (Time is in decaauts) A = Elapsed time spent in this place. B = Non-inter-level travel time spent in this place. C = Inter-level travel time spent in this place. D = Time resting spent in this place. E = Time spent auto-exploring this place. F = Levels seen in this place. G = Mean time per level. A B C D E F G +--------+--------+--------+--------+--------+-----+--------+ Total | 11420 | 11406 | 14 | 8959 | 707 | 1 | 11420.0 | Dungeon | 11420 | 11406 | 14 | 8959 | 707 | 1 | 11420.0 | +--------+--------+--------+--------+--------+-----+--------+

Top non-repeatable levels by time:
       D: 11420 daAuts
